 Dungeon Crawl Stone Soup version 0.22-a0-322-g60b3cfd (webtiles) character file.

187856 tilp the Impaler (level 18, -11/140 HPs)
             Began as a Merfolk Ice Elementalist on Apr 3, 2018.
             Was the Champion of Makhleb.
             Shot with an arrow by a naga sharpshooter (20 damage)
             ... on level 4 of the Snake Pit.
             The game lasted 03:01:36 (45990 turns).

tilp the Impaler (Merfolk Ice Elementalist)        Turns: 45990, Time: 03:01:38

Health: -11/140    AC: 20    Str: 11    XL:     18   Next: 52%
Magic:  28/30      EV: 21    Int: 24    God:    Makhleb [******]
Gold:   311        SH:  0    Dex: 15    Spells: 10/33 levels left

rFire    . . .     SeeInvis .   a - +11 glaive of Conformity {speed, +Blink Dex+3}
rCold    . . .     Gourm    .   (shield currently unavailable)
rNeg     + . .     Faith    .   N - +1 leather armour "Efuso" {rPois rN+ Str+3 Dex-2}
rPois    +         Spirit   .   A - +2 hat {Int+3}
rElec    .         Reflect  .   C - +2 cloak {+Inv}
rCorr    +         Harm     .   e - +2 pair of gloves
MR       ++...                  t - +4 pair of boots of Impermeability {rCorr}
Stlth    ++........             v - amulet of the acrobat
HPRegen  0.33/turn              I - ring of protection from magic
MPRegen  0.22/turn              F - +3 ring of protection

@: no status effects
A: change form in water, swift swim, stealthy swim, weak 1
a: Minor Destruction, Lesser Servant of Makhleb, Major Destruction, Greater
Servant of Makhleb, Renounce Religion, Evoke Blink, Evoke Invisibility


You were on level 4 of the Snake Pit.
You worshipped Makhleb.
Makhleb was exalted by your worship.
You were near starving.

You visited 5 branches of the dungeon, and saw 28 of its levels.
You also visited: Labyrinth, Trove and Ossuary.

You collected 2436 gold pieces.
You spent 2125 gold pieces at shops.

Inventory:

Hand Weapons
 a - the +11 glaive of Conformity (weapon) {speed, +Blink Dex+3}
   (You bought it in a shop on level 9 of the Dungeon)

   Attacks with this weapon are significantly faster.
   It affects your dexterity (+3).
   It lets you blink.
 D - a +8 demon trident of electrocution
Missiles
 G - 17 javelins of returning (quivered)
Armour
 e - a +2 pair of gloves (worn)
 t - the +4 pair of boots of Impermeability (worn) {rCorr}
   (You found it in a labyrinth)

   It protects you from acid and corrosion.
 x - the +3 robe of Folly {Archmagi, MR-- Int+5}
   (You found it in a treasure trove)

   It affects your intelligence (+5).
   It affects your resistance to hostile enchantments.
 A - a +2 hat of intelligence (worn)
 C - a +2 cloak of invisibility (worn)
 N - the +1 leather armour "Efuso" (worn) {rPois rN+ Str+3 Dex-2}
   (You found it on level 6 of the Dungeon)

   It affects your strength (+3).
   It affects your dexterity (-2).
   It protects you from poison.
   It protects you from negative energy.
 W - a +2 cloak of poison resistance
Jewellery
 g - an uncursed ring of see invisible
 m - an uncursed ring of flight
 v - an amulet of the acrobat (around neck)
 F - a +3 ring of protection (right hand)
 I - a ring of protection from magic (left hand)
 M - an uncursed ring of wizardry
 U - an uncursed ring of positive energy
 Z - an uncursed ring of protection from fire
Wands
 j - a wand of digging (9)
 k - a wand of enslavement (10)
 B - a wand of paralysis (25)
 K - a wand of flame (23)
 L - a wand of acid (16)
 P - a wand of iceblast (15)
Scrolls
 h - 5 scrolls of magic mapping
 l - 10 scrolls of remove curse
 o - 4 scrolls of fear
 p - a scroll of holy word
 q - a scroll of summoning
 s - 7 scrolls of fog
 u - a scroll of blinking
 w - 5 scrolls of amnesia
 V - 11 scrolls of teleportation
 X - a scroll of silence
 Y - a scroll of enchant armour
Potions
 b - 2 potions of flight
 d - 4 potions of haste
 f - a potion of invisibility
 i - 4 potions of magic
 n - 3 potions of brilliance
 r - 5 potions of curing
 E - a potion of mutation {unknown}
 H - a potion of cancellation {unknown}
 J - 2 potions of ambrosia
 O - 2 potions of resistance
 Q - 5 potions of berserk rage
 R - 4 potions of agility
 S - 2 potions of might
Comestibles
 c - 35 rations


   Skills:
 - Level 12.0 Fighting
 - Level 20.0 Polearms
 - Level 14.0 Dodging
 - Level 2.1 Stealth
   Level 4.0 Shields
 - Level 8.0 Spellcasting
 - Level 8.0 Conjurations
 - Level 4.4 Charms
 + Level 18.2 Ice Magic
 - Level 6.0 Air Magic
 - Level 10.0 Invocations
 - Level 4.7 Evocations


You had 10 spell levels left.
You knew the following spells:

 Your Spells              Type           Power        Failure   Level  Hunger
a - Freeze                Ice            ####         0%          1    None
b - Throw Frost           Conj/Ice       ######       1%          2    None
c - Ozocubu's Armour      Chrm/Ice       ######..     1%          3    None
d - Throw Icicle          Conj/Ice       ######..     1%          4    ##.....
e - Conjure Flame         Conj/Fire      ####....     4%          3    None
f - Blink                 Tloc           N/A          13%         2    None
g - Ensorcelled Hibernat  Hex/Ice        ######       1%          2    None
h - Freezing Cloud        Conj/Ice/Air   ######....   16%         6    ######.


Dungeon Overview and Level Annotations

Branches:
Dungeon (15/15)            Temple (1/1) D:4            Lair (6/6) D:11
 Shoals (0/4) Lair:2        Snake (4/4) Lair:4        Slime (0/5) Lair:5
    Orc (2/2) D:10            Elf (0/3) Orc:2        Vaults (0/5) D:13
 Depths (0/5) D:15

Altars:
Ashenzari
Cheibriados
Dithmenos
Elyvilon
Fedhas
Gozag
Hepliaklqana
Kikubaaqudgha
Makhleb
Nemelex Xobeh
Okawaru
Qazlal
Ru
Sif Muna
Trog
Uskayaw
Vehumet
Wu Jian
Xom
Yredelemnul
Zin
The Shining One
Beogh

Shops:
D:7 %   D:9 *?   Orc:1 ?   Orc:2 =*(?   Snake:2 }=}   Snake:3 (

Annotations:
D:5 Sigmund
D:12 Frances
Orc:2 2 runed doors, exclusion: orange crystal statue


Innate Abilities, Weirdness & Mutations

You revert to your normal form in water.
You are very nimble and swift while swimming.
You are very stealthy in the water. (Stealth+)
You are weak. (Str -2)


Message History

The naga sharpshooter casts a spell.
The naga sharpshooter magically shoots a bolt.
The bolt hits you!
* * * LOW HITPOINT WARNING * * *
The naga sharpshooter spits poison at you.
The splash of poison hits you! You resist.
You feel better. The guardian serpent hits you!!
* * * LOW HITPOINT WARNING * * *
The naga sharpshooter mumbles some strange words.
The naga sharpshooter magically shoots a bolt.
The bolt hits you!
* * * LOW HITPOINT WARNING * * *
The guardian serpent misses you.
The nagaraja gestures at you while chanting.
You resist with almost no effort.
The naga sharpshooter mumbles some strange words.
The naga sharpshooter magically shoots a bolt.
The bolt barely misses you.
The naga sharpshooter shoots an arrow.
The arrow hits you!!
You die...

#.....†NNN.........#
#..SN§##..........## ##
###.#####...(....## #. #.(.#
###....### #. ### ###N### ######
#. ##.#######.[([.#######.## #.
.....##..[..(.....##....##### #.
....#...............#.......## #)
...#.........N.S@....#.......# #)
...#...........(.....#.......###.
..#........[)NN.......#.......##.
..#.......(.NNN.......#..........
..#........N.<...................
..#..........##.......#........#.
...#..^...((.........#.......###(
....##.............##....)...# #.
......##.[.......##..........# #.


You could see a naga warrior, a nagaraja, 5 naga sharpshooters, a guardian
serpent and a naga mage.

Vanquished Creatures
  Kirke (D:13)
  8 nagarajas
  Aizul (Snake:3)
  An orc warlord (Orc:1)
  Nessos (D:12)
  Azrael (D:13)
  An ettin (D:15)
  A fire dragon (D:15)
  Josephine (D:13)
  8 vault guards (D:13)
  7 hydras
  Harold (Lair:2)
  9 naga warriors
  3 centaur warriors
  An alligator (Lair:6)
  15 anacondas
  26 two-headed ogres
  Erica (Lair:2)
  8 death yaks
  A tengu warrior (D:15)
  5 ogre magi
  6 shock serpents
  Nergalle (D:11)
  9 naga sharpshooters
  2 sea snakes (Snake:2)
  5 naga ritualists
  3 salamander mystics
  A deep troll (D:15)
  Pikel (D:7)
  A wolf spider zombie (D:15)
  2 orc sorcerers (Orc:1)
  2 oklob plants (Lair:4)
  3 harpies (D:15)
  9 mana vipers
  2 cyclopes
  A manticore (D:13)
  3 orc knights
  A deep elf mage (D:15)
  13 ugly things
  A faun (D:10)
  2 wolf spiders (Lair:6)
  14 salamanders
  7 elephants
  Maurice (Orc:1)
  11 naga magi
  13 guardian serpents
  Joseph (D:7)
  39 black mambas
  2 centaur zombies
  Psyche (D:9)
  A merfolk siren (Lair:2)
  11 spiny frogs
  3 rime drakes
  4 yaktaurs (D:15)
  8 komodo dragons
  3 kobold demonologists
  12 polar bears
  5 trolls
  A wind drake (D:11)
  2 hornets (Lair:6)
  A harpy skeleton (D:14)
  19 blink frogs
  4 dream sheep (Lair:6)
  3 raiju (Lair:6)
  A meliai zombie (D:11)
  7 hippogriffs
  4 wraiths (D:13)
  2 shadows
  2 redbacks (Lair:6)
  8 wyverns (Lair:6)
  A hog (D:11)
  28 yaks
  5 basilisks
  7 fire elementals (D:13)
  A swamp worm (D:9)
  8 wargs
  42 nagas
  6 porcupines
  2 soldier ants
  25 water moccasins
  15 hell hounds
  16 black bears
  3 ice beasts
  3 slaves (D:7)
  28 orc warriors
  4 sky beasts
  A hornet zombie (D:11)
  4 phantoms
  A necrophage (D:8)
  14 centaurs
  2 eyes of draining
  35 ogres
  19 wolves
  3 elf zombies (Ossuary)
  4 crocodiles
  8 big kobolds
  26 bullfrogs
  3 gnoll sergeants
  A wyvern zombie (D:8)
  A water moccasin zombie (D:5)
  3 scorpions
  A howler monkey (D:5)
  8 killer bees
  2 electric eels (D:11)
  4 lava snakes (Lab)
  3 bullfrog zombies
  11 crimson imps
  2 human zombies (Ossuary)
  Crazy Yiuf (D:5)
  9 hounds
  11 jellies
  22 orc priests
  8 centaur skeletons
  14 orc wizards
  5 iguanas
  Jessica (D:3)
  8 worker ants
  A yak simulacrum (Lair:4)
  3 polar bear simulacra (Lair:4)
  2 killer bee zombies
  A big kobold zombie (Ossuary)
  A hound zombie (D:9)
  A hound skeleton (D:4)
  3 mummies
  2 howler monkey zombies (D:6)
  A worker ant zombie (D:7)
  13 adders
  8 gnolls
  2 shadow imps
  2 oozes
  6 adder zombies
  2 adder skeletons
  A dart slug (D:1)
  9 leopard geckos
  77 orcs
  A bat (D:1)
  6 giant cockroaches
  11 goblins
  11 hobgoblins
  8 jackals
  4 quokkas
  2 ball pythons
  5 frilled lizards
  A goblin zombie (Ossuary)
  15 hobgoblin zombies (Ossuary)
  2 jackal skeletons
  23 kobolds
  5 kobold zombies (Ossuary)
  7 orc zombies (Ossuary)
  A quokka zombie (D:6)
  7 rats
  A rat zombie (Ossuary)
  4 river rat simulacra (Lair:4)
1037 creatures vanquished.

Vanquished Creatures (collateral kills)
  Nikola (Snake:1)
  An orc warlord (Orc:1)
  A minotaur (Lab)
  A hydra (Lair:2)
  A death yak (Lair:4)
  A necromancer (Lair:4)
  A cyclops (D:11)
  A salamander (Snake:3)
  An elephant (Lair:4)
  2 komodo dragons
  A polar bear (Lair:5)
  2 blink frogs (Lair:4)
  A wyvern (Lair:1)
  2 yaks (Lair:1)
  A steam dragon (D:11)
  A warg (Orc:1)
  A porcupine (Lair:1)
  5 orc warriors (Orc:1)
  2 ogres (Orc:1)
  2 orc priests (Orc:1)
  4 orc wizards
  A polar bear simulacrum (Lair:4)
  A yak simulacrum (Lair:4)
  A wolf simulacrum (Lair:4)
  9 orcs (Orc:1)
  A plant (Lair:4)
46 creatures vanquished.

Vanquished Creatures (others)
  4 humans (D:13)
  An ogre (D:13)
  A scorpion (Lair:2)
  An orc wizard (D:13)
  An orc (Orc:1)
  A kobold (D:12)
  26 fungi
  122 plants
157 creatures vanquished.

Grand Total: 1240 creatures vanquished

Notes
Turn   | Place    | Note
-------+----------+-------------------------------------------
     0 | D:1      | tilp the Merfolk Ice Elementalist began the quest for the Orb.
     0 | D:1      | Reached XP level 1. HP: 13/13 MP: 3/3
   331 | D:1      | Reached XP level 2. HP: 13/19 MP: 5/5
   877 | D:2      | Reached XP level 3. HP: 21/24 MP: 1/6
  1068 | D:2      | Learned a level 2 spell: Throw Frost
  1072 | D:2      | Learned a level 3 spell: Ozocubu's Armour
  1153 | D:2      | Reached skill level 5 in Ice Magic
  1270 | D:2      | Reached XP level 4. HP: 29/30 MP: 1/7
  1472 | D:2      | Noticed a bullfrog
  1479 | D:2      | Killed a bullfrog
  1479 | D:2      | Reached XP level 5. HP: 31/35 MP: 1/8
  2067 | D:3      | Noticed Jessica
  2074 | D:3      | Killed Jessica
  2797 | D:4      | Reached skill level 1 in Fighting
  2797 | D:4      | Reached XP level 6. HP: 38/43 MP: 9/9
  2888 | D:4      | Found a glowing silver altar of Zin.
  2932 | D:4      | Identified the Guide on Bewitching Flames
  3543 | D:5      | Entered Level 5 of the Dungeon
  3744 | D:5      | Noticed a sky beast
  3762 | D:5      | Killed a sky beast
  3762 | D:5      | Reached XP level 7. HP: 43/52 MP: 4/10
  3850 | D:5      | Reached skill level 5 in Dodging
  3853 | D:5      | Reached skill level 1 in Charms
  4057 | D:5      | Noticed Sigmund
  4077 | D:4      | Found a staircase to the Ecumenical Temple.
  4081 | D:4      | Reached skill level 1 in Conjurations
  4089 | Temple   | Entered the Ecumenical Temple
  4328 | Temple   | Became a worshipper of Makhleb the Destroyer
  4621 | D:5      | Reached XP level 8. HP: 52/58 MP: 6/11
  4868 | D:5      | Found a runed door.
  5038 | D:6      | Got a smoking shield
  5158 | D:6      | Got a smelly leather armour
  5204 | D:6      | Identified the -3 shield of Idghoz {Str+2} (You found it on level 6 of the Dungeon)
  5214 | D:6      | Identified the +1 leather armour "Efuso" {rPois rN+ Str+3 Dex-2} (You found it on level 6 of the Dungeon)
  5990 | D:7      | Found a sand-covered staircase.
  6013 | D:7      | Noticed a shadow
  6024 | D:7      | Killed a shadow
  6132 | Ossuary  | Entered an ossuary
  6308 | Ossuary  | Reached * piety under Makhleb
  6386 | Ossuary  | Reached XP level 9. HP: 48/64 MP: 10/15
  6682 | D:7      | Found a white marble altar of Elyvilon.
  6895 | D:7      | Found Jupnise's Food Shoppe.
  6954 | D:7      | Reached ** piety under Makhleb
  7238 | D:7      | Noticed Pikel
  7455 | D:7      | Found an iron altar of Okawaru.
  7640 | D:7      | Killed Pikel
  7640 | D:7      | Reached skill level 10 in Ice Magic
  7728 | D:7      | Learned a level 4 spell: Throw Icicle
  7859 | D:7      | Noticed Joseph
  8166 | D:8      | Found an opulent altar of Gozag.
  8255 | D:8      | Reached XP level 10. HP: 70/70 MP: 11/16
  8476 | D:8      | Reached skill level 5 in Invocations
  8721 | D:8      | Reached skill level 1 in Polearms
  8738 | D:8      | Reached skill level 2 in Polearms
  8752 | D:8      | Reached skill level 3 in Polearms
  8914 | D:8      | Reached skill level 4 in Polearms
  8947 | D:8      | Noticed a two-headed ogre
  9185 | D:7      | Killed Joseph
  9185 | D:7      | Reached skill level 6 in Polearms
  9372 | D:7      | Found a snail-covered altar of Cheibriados.
  9458 | D:5      | Reached *** piety under Makhleb
  9655 | D:5      | Noticed Crazy Yiuf
  9661 | D:5      | Killed Crazy Yiuf
  9733 | D:8      | Killed a two-headed ogre
  9733 | D:8      | Reached skill level 5 in Fighting
 10027 | D:9      | Found Susaos's General Store.
 10099 | D:9      | Found Suj Heamubah's Magic Scroll Shop.
 10360 | D:9      | Noticed Psyche
 10376 | D:9      | Killed Psyche
 10669 | D:9      | Found a hide-covered altar of Uskayaw.
 10673 | D:9      | Found an ancient bone altar of Kikubaaqudgha.
 10919 | D:9      | Noticed a two-headed ogre
 10923 | D:9      | a two-headed ogre changed into a swamp worm
 11301 | D:10     | Entered Level 10 of the Dungeon
 11319 | D:10     | Found a staircase to the Orcish Mines.
 11463 | D:10     | Reached skill level 7 in Polearms
 11958 | D:10     | Reached XP level 11. HP: 74/81 MP: 10/17
 12103 | D:10     | Reached skill level 8 in Polearms
 12598 | D:10     | Noticed a two-headed ogre
 12644 | D:10     | Reached skill level 9 in Polearms
 12670 | D:10     | Noticed a faun
 12670 | D:10     | a two-headed ogre changed into a faun
 12682 | D:10     | Killed a faun
 13023 | D:10     | Reached skill level 10 in Polearms
 13207 | D:11     | Learned a level 3 spell: Conjure Flame
 13210 | D:11     | Learned a level 2 spell: Blink
 13320 | D:11     | Noticed a cyclops
 13328 | D:11     | Reached skill level 11 in Polearms
 13332 | D:11     | Killed a cyclops
 13656 | D:11     | Found a frozen archway.
 14071 | D:11     | Found a staircase to the Lair.
 14111 | D:11     | Reached skill level 12 in Polearms
 14312 | D:10     | Reached **** piety under Makhleb
 15157 | D:11     | Reached skill level 10 in Dodging
 15343 | Lair:1   | Entered Level 1 of the Lair of Beasts
 15381 | Lair:1   | You fall through a shaft!
 15630 | Lair:1   | Found a labyrinth entrance.
 15654 | Lab      | Entered a labyrinth
 16194 | Lab      | Noticed a minotaur
 16195 | Lab      | Found the +3 warlock's mirror {reflect}
 16213 | Lab      | Killed a minotaur
 16220 | Lab      | Got a pair of fine boots
 16379 | Lair:1   | Identified the +4 pair of boots of Impermeability {rCorr} (You found it in a labyrinth)
 16465 | Lair:1   | Reached XP level 12. HP: 83/87 MP: 9/18
 17062 | Lair:2   | Noticed an eight-headed hydra
 17106 | Lair:2   | Noticed a four-headed hydra
 17113 | Lair:2   | Killed a four-headed hydra
 17113 | Lair:2   | Reached skill level 5 in Spellcasting
 17312 | Lair:2   | Noticed Harold
 17889 | Lair:2   | Noticed Erica
 18073 | Lair:2   | Killed Erica
 18484 | Lair:2   | Killed an eight-headed hydra
 18659 | Lair:2   | Noticed an eight-headed hydra
 18680 | Lair:2   | Killed an eight-headed hydra
 18880 | Lair:2   | Found a staircase to the Shoals.
 20836 | Lair:3   | Reached skill level 5 in Conjurations
 20836 | Lair:3   | Reached XP level 13. HP: 98/98 MP: 3/22
 21169 | Lair:4   | Found a staircase to the Snake Pit.
 21372 | Lair:4   | Learned a level 2 spell: Ensorcelled Hibernation
 23237 | Lair:5   | Found a staircase to the Slime Pits.
 24488 | Lair:4   | Got a smoking robe
 24723 | Orc:1    | Entered Level 1 of the Orcish Mines
 24723 | Orc:1    | Found a roughly hewn altar of Beogh.
 24831 | Orc:2    | Entered Level 2 of the Orcish Mines
 25310 | Orc:2    | Found a staircase to the Elven Halls.
 25643 | Orc:2    | Reached XP level 14. HP: 105/105 MP: 5/23
 25663 | Orc:2    | Reached skill level 13 in Polearms
 26094 | Orc:2    | Reached skill level 14 in Polearms
 26368 | Orc:2    | Reached skill level 15 in Polearms
 26915 | Orc:2    | Reached ***** piety under Makhleb
 27130 | D:11     | Reached skill level 16 in Polearms
 27775 | D:12     | Noticed Frances
 27789 | D:12     | Noticed Nessos
 28035 | D:12     | Noticed Nergalle
 28055 | D:11     | Killed Nergalle
 28314 | D:12     | Killed Nessos
 28314 | D:12     | Reached skill level 17 in Polearms
 28407 | D:9      | Bought the +11 glaive of Conformity {speed, +Blink Dex+3} for 1327 gold pieces
 28419 | D:9      | Identified the +2 robe of the Loofah {rF+ rCorr} (You found it on level 4 of the Lair of Beasts)
 28576 | Orc:2    | Found Disair's Distillery.
 28576 | Orc:2    | Found Koq Quan's Magic Scroll Boutique.
 28577 | Orc:2    | Found Fetuo's General Store.
 28577 | Orc:2    | Found Zyrum's Weapon Shoppe.
 28595 | Orc:2    | Found a runed door.
 28606 | Orc:2    | Paralysed by an ogre mage for 7 turns
 28744 | Orc:2    | Found Borhurul's Jewellery Emporium.
 28774 | Orc:2    | Found a runed door.
 28777 | Orc:2    | Found the +10 large shield of Ignorance {rN+ Int-4}
 28983 | Orc:2    | Bought a scroll of identify for 20 gold pieces
 28985 | Orc:2    | Bought a scroll of identify for 20 gold pieces
 28985 | Orc:2    | Bought a scroll of identify for 20 gold pieces
 29051 | Orc:1    | Paralysed by an orc sorcerer for 7 turns
 29245 | Orc:1    | Reached skill level 18 in Polearms
 29410 | Orc:1    | Noticed an orc warlord
 29430 | Orc:1    | Killed an orc warlord
 29556 | Orc:1    | Noticed an orc warlord
 29589 | Orc:1    | Killed an orc warlord
 29589 | Orc:1    | Reached XP level 15. HP: 91/110 MP: 13/24
 29773 | Orc:1    | Found Laamm's Magic Scroll Shoppe.
 29785 | Orc:1    | Noticed Maurice
 29798 | Orc:1    | Killed Maurice
 29828 | Orc:1    | Reached skill level 19 in Polearms
 29978 | Orc:1    | Bought a scroll of identify for 24 gold pieces
 29978 | Orc:1    | Bought a scroll of identify for 24 gold pieces
 30308 | Lair:6   | Entered Level 6 of the Lair of Beasts
 30733 | Lair:6   | Reached skill level 20 in Polearms
 30788 | Lair:6   | Reached ****** piety under Makhleb
 30841 | Lair:6   | Learned a level 6 spell: Freezing Cloud
 31872 | Lair:6   | Reached skill level 15 in Ice Magic
 33036 | D:13     | Noticed Azrael
 33047 | D:13     | Killed Azrael
 33047 | D:13     | Reached XP level 16. HP: 117/117 MP: 11/25
 33206 | D:13     | Noticed Josephine
 33224 | D:13     | Killed Josephine
 33326 | D:13     | Noticed Kirke
 33344 | D:13     | Killed Kirke
 34134 | D:13     | Found a gate to the Vaults.
 34675 | D:14     | Reached skill level 1 in Air Magic
 34775 | D:14     | Got an ancient crystal amulet
 35701 | D:15     | Entered Level 15 of the Dungeon
 35709 | D:15     | Identified the amulet "Faptumm" {Inacc +Inv MR+ Str+5 Int-4} (You found it on level 14 of the Dungeon)
 35884 | D:15     | Found a staircase to the Depths.
 36019 | D:15     | Got a diamond-encrusted scale mail
 36584 | D:15     | Identified the cursed +1 scale mail "Fukyj" {*Corrode rC+ rN+ Int+4} (You found it on level 15 of the Dungeon)
 36601 | D:15     | Got an ancient chain mail
 36607 | D:15     | Identified the +8 chain mail of Kedde {*Contam MR++ Regen+ Int+4} (You found it on level 15 of the Dungeon)
 36612 | D:15     | Gained mutation: You are weak. (Str -2) [mutagenic glow]
 36891 | D:15     | Found a glowing golden altar of the Shining One.
 36949 | D:15     | Found a portal to a secret trove of treasure.
 37020 | D:15     | Got a bloodstained leather armour
 37031 | D:15     | Identified the cursed +0 leather armour "Zibbedor" {rCorr Str-2 Int+4} (You found it on level 15 of the Dungeon)
 37503 | Snake:1  | Entered Level 1 of the Snake Pit
 37698 | Snake:1  | Noticed Nikola
 37745 | Snake:1  | Killed Nikola
 37745 | Snake:1  | Reached XP level 17. HP: 108/122 MP: 20/29
 39259 | Snake:2  | Reached skill level 10 in Invocations
 40161 | Snake:2  | Reached skill level 10 in Fighting
 40749 | Snake:2  | Found Jojariuq's Gadget Boutique.
 40749 | Snake:2  | Found Ewuthro's Jewellery Emporium.
 40755 | Snake:2  | Found Olephes's Gadget Boutique.
 41112 | Snake:3  | Found Piggu's Antique Weapon Shop.
 41134 | Snake:3  | Found Homi's Armour Boutique.
 42483 | Snake:3  | Noticed Aizul
 42498 | Snake:3  | Reached XP level 18. HP: 92/134 MP: 7/30
 42511 | Snake:3  | Killed Aizul
 42658 | Snake:3  | Reached skill level 5 in Air Magic
 42832 | Snake:3  | Found an ancient bone altar of Kikubaaqudgha.
 43399 | Orc:2    | Bought a scroll of silence for 75 gold pieces
 43399 | Orc:2    | Bought a scroll of acquirement for 520 gold pieces
 43399 | Orc:2    | Bought a scroll of summoning for 95 gold pieces
 43600 | D:15     | You paid a toll of 10 potions of heal wounds to enter a treasure trove
 43601 | Trove    | Entered a treasure trove
 43604 | Trove    | Found the +3 robe of Folly {Archmagi, MR-- Int+5}
 43605 | Trove    | Found the +7 Kryia's mail coat {PotionHeal*2 rC+}
 43607 | Trove    | Got a steaming helmet
 43609 | Trove    | Got a scorched shield
 43626 | Trove    | Got a pair of fine boots
 43654 | D:15     | Identified the +0 helmet of the Peasants {Dex+6 Stlth+} (You found it in a treasure trove)
 43674 | D:15     | Identified the +2 pair of boots of the Hall of Blades {rC+} (You found it in a treasure trove)
 43730 | D:15     | Identified the +3 shield "Xadi" {rN+ rCorr} (You found it in a treasure trove)
 43951 | Lair:2   | Killed Harold
 44152 | Snake:4  | Entered Level 4 of the Snake Pit
 45317 | Snake:4  | HP: 7/140 [nagaraja/bolt of poison (6)]
 45990 | Snake:4  | Shot with an arrow by a naga sharpshooter

Vault maps used:
D:1:      dpeg_arrival_central, minmay_misc_feat_chi
D:3:      uniq_jessica
D:4:      lemuel_crystal_altar, minmay_temple_entry_from_below_a
D:5:      first_ration, kennysheep_pointless_box, kennysheep_nondescript,
          uniq_crazy_yiuf_cottage, uniq_sigmund
D:7:      slow_altar_2, okawaru_gym_becter, overflow_temple_1_default,
          serial_shops, shop, enter_ossuary_1, hangedman_minor_gate_pass,
          uniq_joseph, uniq_pikel
D:8:      grunt_gozag_statues
D:9:      nicolae_overflow_hidden_temple, serial_shops, shop,
          grunt_decor_arrowhead, minmay_tree_intersection, blue_anna_alchemist,
          kennysheep_small_circle, uniq_psyche
D:10:     orc_0_dummy, minmay_lizard_king
D:11:     erik_lair_island, portal_ice_cave_entry_animals_and_master
D:12:     uniq_frances, uniq_nessos, uniq_nergalle
D:13:     erik_vaults_2, uniq_kirke, uniq_josephine, uniq_azrael
D:15:     hangedman_depths_entry_civil_slaughter, tso_altar,
          nicolae_trove_entry_free_sample
Temple:   regret_index_temple_generic_petals
Lair:1:   lab_entry_generic, lemuel_fruit_tree
Lair:2:   elwin_shoals_entry_rooms, infiniplex_staircase_pool_2, uniq_erica,
          uniq_harold
Lair:4:   minmay_snake_entry_guardpost_small, eino_house_with_fridge,
          minmay_lair_oklob_chamber
Lair:5:   nicolae_slime_entry_slimehenge, serial_bayou_shore_b
Lair:6:   hangedman_lair_tendril_chambers, hangedman_lair_caniforms_friends
Snake:1:  uniq_nikola
Snake:2:  serial_bayou_lagoon_a, minmay_shop_grove
Snake:3:  grunt_ministairs_5, lemuel_altar_in_water2, minmay_shoptagon,
          uniq_aizul
Snake:4:  snake_hunt, st_stairs_12
Orc:1:    serial_shops, shop_statue, special_room, enter_bailey_4, basic_altar,
          uniq_maurice
Orc:2:    st_orc_ogre_mass, serial_shops, shop,
          chequers_guarded_unrand_ignorance
Lab:      labyrinth_hidden_loot, nicolae_lab_statue, labyrinth_skeletal_remains,
          labyrinth_lava_lair
Trove:    trove_armour_2
Ossuary:  ossuary_tomb_1

Skill      XL: |  1  2  3  4  5  6  7  8  9 10 11 12 13 14 15 16 17 18 |
---------------+-------------------------------------------------------+-----
Ice Magic      | 4 5 6 7 10 12 14 15 16 18 | 18.2
Fighting       | 1 3 5 8 10 12 | 12.0
Dodging        | 4 5 8 10 12 14 | 14.0
Charms         | 3 4 |  4.4
Conjurations   | 2 4 5 6 8 |  8.0
Spellcasting   | 4 6 8 |  8.0
Evocations     | 4 |  4.7
Invocations    | 4 6 8 10 | 10.0
Polearms       | 7 12 18 20 | 20.0
Shields        | 4 |  4.0
Air Magic      | 4 6 |  6.0
Stealth        | |  2.1

Action                   |  1- 3 |  4- 6 |  7- 9 | 10-12 | 13-15 | 16-18 || total
-------------------------+-------+-------+-------+-------+-------+-------++-------
Melee: Mace              |    35 |       |       |       |       |       ||    35
       Short sword       |    44 |   152 |   411 |    92 |       |       ||   699
       Spear             |       |       |       |   726 |   540 |       ||  1266
       Scimitar          |       |       |       |       |    19 |     7 ||    26
       Trident           |       |       |       |       |   196 |       ||   196
       Glaive            |       |       |       |       |   762 |  1425 ||  2187
       Tailslap          |       |       |       |       |     2 |       ||     2
       Bardiche          |       |       |       |       |       |     7 ||     7
Throw: Stone             |     3 |     6 |       |       |       |       ||     9
       Javelin           |       |       |     6 |       |    10 |       ||    16
 Cast: Freeze            |    12 |    11 |    60 |   313 |   151 |       ||   547
       Ozocubu's Armour  |     2 |    11 |    38 |    97 |   112 |    79 ||   339
       Throw Frost       |     1 |     4 |    21 |    26 |     3 |       ||    55
       Throw Icicle      |       |       |       |    40 |   166 |    88 ||   294
       Conjure Flame     |       |       |       |    12 |    12 |     1 ||    25
       Ensorcelled Hiber |       |       |       |       |     1 |       ||     1
       Freezing Cloud    |       |       |       |       |       |     6 ||     6
Invok: Minor Destruction |       |       |       |     6 |     4 |       ||    10
       Lesser Servant of |       |       |       |    17 |    21 |     3 ||    41
 Abil: Evoke Flight      |       |       |       |     1 |       |       ||     1
       Evoke Blink       |       |       |       |       |       |     5 ||     5
Evoke: Wand              |       |       |     6 |    23 |       |       ||    29
  Use: Scroll            |       |       |    13 |    13 |    15 |    17 ||    58
       Potion            |       |       |       |     7 |       |     5 ||    12
 Stab: Sleeping          |     5 |    11 |     1 |     4 |     3 |     1 ||    25
       Distracted        |     1 |       |     1 |       |     6 |     2 ||    10
       Paralysed         |       |       |       |       |     2 |       ||     2
  Eat: Chunk             |     2 |     9 |    12 |    35 |    49 |    28 ||   135
       Ration            |       |       |     2 |     5 |     4 |     6 ||    17
Armor: Robe              |    23 |    51 |    41 |       |       |       ||   115
       Leather armour    |       |       |   123 |   342 |   324 |   294 ||  1083
       Skin              |       |       |       |    66 |       |    17 ||    83
Dodge: Dodged            |    61 |    79 |   312 |   797 |  1000 |   891 ||  3140
Block: Buckler           |       |       |       |    35 |   249 |       ||   284
       Reflection        |       |       |       |     1 |     9 |       ||    10
       Rpst.: Scimitar   |       |       |       |       |     2 |     4 ||     6

Table legend:
 A = Spawn XP
 B = Non-spawn XP
 C = Spawn XP percentage of total XP
 D = Spawn monster count
 E = Non-spawn monster count
 F = Spawn count percentage of total count
 G = Total turns spent on level
                    A         B        C        D         E        F      G
               +---------+---------+-------+---------+---------+-------+---------
         Total |       0 |  282140 |   0.0 |       0 |    1079 |   0.0 | 45990
               +---------+---------+-------+---------+---------+-------+---------
           D:1 |       0 |      32 |   0.0 |       0 |      17 |   0.0 |   868
           D:2 |       0 |     174 |   0.0 |       0 |      22 |   0.0 |   820
           D:3 |       0 |     108 |   0.0 |       0 |      26 |   0.0 |  1061
           D:4 |       0 |     237 |   0.0 |       0 |      11 |   0.0 |   943
           D:5 |       0 |     873 |   0.0 |       0 |      20 |   0.0 |  1231
           D:6 |       0 |     687 |   0.0 |       0 |      13 |   0.0 |  1078
           D:7 |       0 |    2541 |   0.0 |       0 |      34 |   0.0 |  2159
           D:8 |       0 |    2418 |   0.0 |       0 |      31 |   0.0 |  1101
           D:9 |       0 |    1315 |   0.0 |       0 |      19 |   0.0 |  1421
          D:10 |       0 |    2542 |   0.0 |       0 |      25 |   0.0 |  2299
          D:11 |       0 |    7727 |   0.0 |       0 |      41 |   0.0 |  2595
          D:12 |       0 |    5827 |   0.0 |       0 |      36 |   0.0 |  1003
          D:13 |       0 |   21719 |   0.0 |       0 |      64 |   0.0 |  1762
          D:14 |       0 |    3770 |   0.0 |       0 |      18 |   0.0 |  1094
          D:15 |       0 |   23806 |   0.0 |       0 |      48 |   0.0 |  1792
        Lair:1 |       0 |    2380 |   0.0 |       0 |      13 |   0.0 |  1906
        Lair:2 |       0 |    8048 |   0.0 |       0 |      23 |   0.0 |  1859
        Lair:3 |       0 |    5509 |   0.0 |       0 |      22 |   0.0 |  1509
        Lair:4 |       0 |   10272 |   0.0 |       0 |      42 |   0.0 |  2264
        Lair:5 |       0 |    6621 |   0.0 |       0 |      24 |   0.0 |  1758
        Lair:6 |       0 |   35424 |   0.0 |       0 |     129 |   0.0 |  2171
       Snake:1 |       0 |   15467 |   0.0 |       0 |      26 |   0.0 |  1960
       Snake:2 |       0 |   33937 |   0.0 |       0 |      59 |   0.0 |  2118
       Snake:3 |       0 |   31522 |   0.0 |       0 |      56 |   0.0 |  2433
       Snake:4 |       0 |   23191 |   0.0 |       0 |      31 |   0.0 |  1099
         Orc:1 |       0 |   11388 |   0.0 |       0 |     104 |   0.0 |  1602
         Orc:2 |       0 |   23165 |   0.0 |       0 |      81 |   0.0 |  2573
           Lab |       0 |     973 |   0.0 |       0 |       5 |   0.0 |   713
       Ossuary |       0 |     467 |   0.0 |       0 |      39 |   0.0 |   489
               +---------+---------+-------+---------+---------+-------+---------
